 Dungeon Crawl Stone Soup version 0.21.0-37-g46506fa (webtiles) character file.

95 JeffiDaFish the Stinger (level 4, -3/24 HPs)
             Began as a Gargoyle Venom Mage on Jan 31, 2018.
             Slain by a worm (9 damage)
             ... on level 2 of the Dungeon.
             The game lasted 00:05:10 (1707 turns).

JeffiDaFish the Stinger (Gargoyle Venom Mage)       Turns: 1707, Time: 00:05:11

Health: -3/24      AC:  6    Str:  8 (9)  XL:     4   Next: 66%
Magic:  0/7        EV: 12    Int: 16 (18) God:
Gold:   65         SH:  0    Dex: 10 (11) Spells: 1/7 levels left

rFire    . . .     SeeInvis .   e - +0 hand axe
rCold    . . .     Gourm    .   (no shield)
rNeg     + . .     Faith    .   a - +0 robe
rPois    ∞         Spirit   .   (no helmet)
rElec    +         Reflect  .   (no cloak)
rCorr    .         Harm     .   (no gloves)
MR       .....                  d - +0 pair of boots
Stlth    ++........             (no amulet)
HPRegen  0.08/turn              (no ring)
MPRegen  0.10/turn              (no ring)

@: very slightly contaminated
A: clever 1, negative energy resistance 1, electricity resistance, weak 1,
unbreathing, petrification resistance, rot immunity, AC +3
a: no special abilities


You were on level 2 of the Dungeon.
You were very hungry.

You visited 1 branch of the dungeon, and saw 2 of its levels.

You collected 65 gold pieces.

Inventory:

Hand Weapons
 e - a +0 hand axe (weapon)
Armour
 a - a +0 robe (worn)
 d - a +0 pair of boots (worn)
Jewellery
 g - a cursed amulet of inaccuracy {unknown}
Scrolls
 i - a scroll of amnesia
 k - a scroll of identify
Potions
 h - a potion of curing
 j - a potion of mutation
Books
 b - a Young Poisoner's Handbook

   Spells                             Type                      Level
   a - Sting                          Conjuration/Poison           1
   b - Poisonous Vapours              Poison/Air                   2
   c - Mephitic Cloud                 Conjuration/Poison/Air       3
   d - Olgreb's Toxic Radiance        Poison                       4
   e - Venom Bolt                     Conjuration/Poison           5
 f - a book of Changes

   Spells                             Type                      Level
   a - Beastly Appendage              Transmutation                1
   b - Sticks to Snakes               Transmutation                2
   c - Spider Form                    Transmutation/Poison         3
   d - Ice Form                       Ice/Transmutation            4
   e - Blade Hands                    Transmutation                5
Comestibles
 c - 5 rations


   Skills:
 + Level 0.5 Fighting
 + Level 0.7 Axes
 + Level 2.2 Dodging
 + Level 2.9 Stealth
 + Level 0.1 Unarmed Combat
 + Level 2.2 Spellcasting
 + Level 1.1 Conjurations
 + Level 0.1 Air Magic
 + Level 4.0 Poison Magic


You had one spell level left.
You knew the following spells:

 Your Spells              Type           Power        Failure   Level  Hunger
a - Sting                 Conj/Pois      ##..         7%          1    #......
b - Poisonous Vapours     Pois/Air       #.....       13%         2    ###....
c - Mephitic Cloud        Conj/Pois/Air  #.......     28%         3    ###....


Dungeon Overview and Level Annotations

Branches:
Dungeon (2/15)

Altars:


Innate Abilities, Weirdness & Mutations

You are resistant to torment.
Your stone body is resilient. (AC +3)
You are immune to poison.
You resist negative energy. (rN+)
You are resistant to electric shocks. (rElec)
You can survive without breathing.
You are immune to petrification.
You are immune to rotting.
Your mind is acute. (Int +2)
You are weak. (Str -2)


Message History

Casting: Poisonous Vapours
Confirm with . or Enter, or press ? or * to list all spells.
Aiming: Poisonous Vapours
Press: ? - help, Dir - move target cursor, f - hobgoblin, p - worm
Aim: a hobgoblin, wielding a club You miscast Poisonous Vapours.
You are very lightly contaminated with residual magic.
You feel odd. The bat hits you but does no damage.
Casting: Poisonous Vapours
Confirm with . or Enter, or press ? or * to list all spells.
Aiming: Sting
Press: ? - help, Shift-Dir - straight line, f/p - hobgoblin
Aim: a hobgoblin, wielding a club The sting hits the bat.
The bat is poisoned.
The bat is severely wounded.
You are feeling very hungry.
You kill the bat!
You feel your intelligence returning.
The worm looks more healthy.
The worm bites you!
You die...

.#. .....# #.# ....##
#.# ..... #.# ?...#
#.# #...# . #.#
#...##...
#######.#####....)...
#........@wg†..#
#.####.#######.# #.#
#.# .# ##.####.####
.# #..........# ..
#..####.##.# ## #..#
#.# # #..# #.. #..#
####


You could see a worm and a hobgoblin.

Vanquished Creatures
  A hound (D:2)
  2 adders (D:2)
  A dart slug (D:1)
  2 leopard geckos (D:1)
  5 bats
  A giant cockroach (D:1)
  5 goblins
  7 hobgoblins
  2 jackals (D:1)
  5 kobolds
  3 frilled lizards
  5 rats
39 creatures vanquished.

Notes
Turn   | Place    | Note
-------+----------+-------------------------------------------
     0 | D:1      | JeffiDaFish the Gargoyle Venom Mage began the quest for the Orb.
     0 | D:1      | Reached XP level 1. HP: 10/10 MP: 3/3
   368 | D:1      | Reached XP level 2. HP: 7/15 MP: 0/5
   805 | D:1      | Reached XP level 3. HP: 12/19 MP: 2/6
  1046 | D:1      | Learned a level 2 spell: Poisonous Vapours
  1050 | D:1      | Learned a level 3 spell: Mephitic Cloud
  1534 | D:2      | Gained mutation: You are weak. (Str -2) [potion of mutation]
  1534 | D:2      | Gained mutation: Your mind is acute. (Int +2) [potion of mutation]
  1608 | D:2      | Reached skill level 4 in Poison Magic
  1608 | D:2      | Reached XP level 4. HP: 9/24 MP: 3/7
  1707 | D:2      | Slain by a worm

Skill      XL: |  1  2  3 |
---------------+----------+-----
Dodging        | 2 |  2.2
Poison Magic   | 4 |  4.0
Fighting       | |  0.5
Axes           | |  0.7
Stealth        | |  2.9
Unarmed Combat | |  0.1
Spellcasting   | |  2.2
Conjurations   | |  1.1
Air Magic      | |  0.1

Action                   |  1- 3 |  4- 6 || total
-------------------------+-------+-------++-------
Melee: Unarmed           |    19 |       ||    19
       Hand axe          |    49 |       ||    49
 Cast: Sting             |    43 |     1 ||    44
       Poisonous Vapours |     6 |     2 ||     8
  Use: Potion            |     7 |       ||     7
       Scroll            |     2 |       ||     2
 Stab: Sleeping          |     1 |       ||     1
  Eat: Chunk             |     3 |       ||     3
Armor: Robe              |    23 |    53 ||    76
Dodge: Dodged            |    50 |    86 ||   136
